 Dungeon Crawl Stone Soup version 0.28-a0-1545-g945cd3f27e (webtiles) character file.

Game seed: 15086444468585621496

24 BritishOli the Ducker (level 2, 0/22 HPs)
             Began as a Demonspawn Gladiator on Jan 18, 2022.
             Slain by a gnoll (2 damage)
             ... on level 2 of the Dungeon.
             The game lasted 00:00:38 (1231 turns).

BritishOli the Ducker (Demonspawn Gladiator)        Turns: 1231, Time: 00:00:40

Health: 0/22       AC:  3    Str: 14    XL:     2   Next: 79%
Magic:  2/2        EV:  9    Int:  9    God:
Gold:   42         SH:  0    Dex: 14    Spells: 1/1 levels left

rFire   . . .      SeeInvis .   a - +0 war axe
rCold   . . .      Faith    .   (no shield)
rNeg    . . .      Spirit   .   b - +0 leather armour
rPois   .          Reflect  .   (helmet restricted)
rElec   .          Harm     .   (no cloak)
rCorr   .          Rampage  .   (no gloves)
Will    .....                   (no boots)
Stlth   +.........              (no amulet)
HPRegen 0.07/turn               (no ring)
MPRegen 0.08/turn               (no ring)

@: constricted
A: antennae 1
a: no special abilities


You were on level 2 of the Dungeon.
You visited 1 branch of the dungeon, and saw 2 of its levels.

You collected 42 gold pieces.

Inventory:

Hand Weapons
 a - a +0 war axe (weapon)
Missiles
 d - 3 throwing nets (quivered)
Armour
 b - a +0 leather armour (worn)
Scrolls
 e - a scroll of identify {unknown}


   Skills:
 + Level 2.3 Fighting
 + Level 2.9 Axes
 + Level 2.1 Throwing
 + Level 0.7 Armour
 + Level 2.9 Dodging


You had one spell level left.
You didn't know any spells.
Your spell library was empty.

Dungeon Overview and Level Annotations

Branches:
Dungeon (2/15)

Altars:


Innate Abilities, Weirdness & Mutations

You have a pair of small antennae on your head.


Message History

Found a stone staircase leading up.
The bat hits you but does no damage.
A bat is nearby!
A bat is nearby!
You slash the bat!
You kill the bat!
HP restored.
Key pressed, stopping explore.
No target in view!
You open the door.
A ball python comes into view.
There is an open door here.
A ball python is nearby!
A ball python is nearby!
A gnoll comes into view. It is wielding a +0 club.
There are monsters nearby!
A gnoll comes into view. It is wielding a +0 spear.
The gnoll shouts!
You hear a shout! x2
A gnoll comes into view. It is wielding a +2 whip of pain.
The ball python bites you. The ball python barely misses you.
There are monsters nearby!
You closely miss the ball python.
The gnoll shouts!
The ball python bites you but does no damage.
The ball python grabs you. The ball python constricts you.
A gnoll shaman comes into view. It is wielding a +0 whip.
There are monsters nearby!
You barely miss the ball python.
The ball python bites you but does no damage.
The ball python constricts you. The ball python bites you.
The ball python constricts you.
There are monsters nearby!
There are monsters nearby!
You barely miss the ball python. You completely miss the gnoll.
The ball python bites you. The ball python constricts you.
The gnoll hits you with a +0 club!
* * * LOW HITPOINT WARNING * * *
The ball python barely misses you. The ball python constricts you.
* * * LOW HITPOINT WARNING * * *
The gnoll hits you with a +0 club.
You die...

# ... # #.# .....##
###.##### ##g....##
#.......# ##..g....##
#..#....####.........#
..###......+.........+
.## ##..####....g....#
#.###...# #...Sg..#
#..#..#.# #..@..#
#.#.#.#.# ##...##
#.......# ##'##
#####.### #.# #.#
####.###### #.#
#.........#
#.#######.#...###.#
#.......#......#
#######.#.#...###.###.


You could see a gnoll shaman, 3 gnolls and a ball python.

Vanquished Creatures
  A dart slug (D:1)
  6 bats
  An endoplasm (D:1)
  A giant cockroach (D:1)
  A goblin (D:1)
  2 hobgoblins (D:1)
  2 jackals (D:1)
  5 ball pythons (D:1)
  2 frilled lizards (D:1)
21 creatures vanquished.

Notes
Turn   | Place    | Note
-------+----------+-------------------------------------------
     0 | D:1      | BritishOli the Demonspawn Gladiator began the quest for the
                  | Orb.
     0 | D:1      | Reached XP level 1. HP: 16/16 MP: 1/1
   529 | D:1      | Gained mutation: You have a pair of small antennae on your
                  | head. [demonic ancestry]
   529 | D:1      | Reached XP level 2. HP: 16/22 MP: 2/2
  1231 | D:2      | Slain by a gnoll

Illustrated notes

Levels and vault maps discovered:
D:1:      dpeg_arrival_chambers_temple_mockup, layout_loops_ring,
          chequers_serial_rivers_micro_b
D:2:      layout_loops_corners, uniq_sigmund

Skill      XL: |  1  2 |
---------------+-------+-----
Throwing       | 2 |  2.1
Fighting       | |  2.3
Axes           | |  2.9
Armour         | |  0.7
Dodging        | |  2.9

Action                   || total
-------------------------++-------
Melee: War axe           ||    68
       Punch             ||     1
Armor: Leather armour    ||    32
Dodge: Dodged            ||    59

Table legend: (Time is in decaauts)
 A = Elapsed time spent in this place.
 B = Non-inter-level travel time spent in this place.
 C = Inter-level travel time spent in this place.
 D = Time resting spent in this place.
 E = Time spent auto-exploring this place.
 F = Levels seen in this place.
 G = Mean time per level.
                   A        B        C        D        E       F      G
               +--------+--------+--------+--------+--------+-----+--------+
         Total |   1255 |   1246 |      9 |    169 |    909 |   2 |  627.5 |
       Dungeon |   1255 |   1246 |      9 |    169 |    909 |   2 |  627.5 |
               +--------+--------+--------+--------+--------+-----+--------+

Top non-repeatable levels by time:
     D:1: 1164 daAuts
     D:2: 90 daAuts
